 Seeded DCSS version 0.28.0-53-g5a82cb258f (webtiles) character file.

Game seed: 12963177351056830751 (custom seed)

1389 Kranky the Fighter (level 8, -1/61 HPs)
             Began as an Octopode Fighter on June 23, 2022.
             Slain by a centaur (3 damage)
             ... on level 6 of the Dungeon.
             The game lasted 00:08:18 (7562 turns).

Kranky the Fighter (Octopode Fighter)               Turns: 7562, Time: 00:08:19

Health: -1/61      AC:  2    Str: 16    XL:     8   Next: 68%
Magic:  8/8        EV: 14    Int: 10    God:
Gold:   299        SH:  5    Dex: 13    Spells: 7/7 levels left

rFire   . . .      SeeInvis .   r - +4 spear of Overwhelming Force {speed, +Blink rPois}
rCold   . . .      Faith    .   b - +0 buckler
rNeg    + . .      Spirit   .   C - +1 hat
rPois   +          Reflect  .   (no amulet)
rElec   .          Harm     .   t - ring of positive energy
rCorr   .          Rampage  .   (no ring)
Will    .....                   (no ring)
Stlth   +++.......              (no ring)
HPRegen 0.20/turn               (no ring)
MPRegen 0.11/turn               (no ring)
                                (no ring)
                                (no ring)

@: no status effects
A: almost no armour, amphibious, 8 rings, camouflage 1, gelatinous body 1,
(nimble swimmer 1), tentacles
a: Evoke Blink


You were on level 6 of the Dungeon.
You visited 1 branch of the dungeon, and saw 6 of its levels.
You also visited: Ossuary.

You collected 299 gold pieces.

Inventory:

Hand Weapons
 a - a +0 war axe
 r - the +4 spear of Overwhelming Force (weapon) {speed, +Blink rPois}
   (You took it off a kobold on level 3 of the Dungeon)

   Attacks with this weapon are significantly faster.
   rPois:     It protects you from poison.
   +Blink:    It lets you blink.
Missiles
 h - 15 poisoned darts (quivered)
 q - a throwing net
Armour
 b - a +0 buckler (worn)
 C - a +1 hat (worn)
Jewellery
 e - an amulet of faith
 k - a ring of ice
 t - a ring of positive energy (left tentacle)
 B - a ring of protection from fire
Wands
 w - a wand of iceblast (11)
Scrolls
 g - a scroll of brand weapon {unknown}
 j - 2 scrolls of enchant weapon {unknown}
 l - a scroll of noise {unknown}
 m - a scroll of fog {unknown}
 o - 2 scrolls of vulnerability {unknown}
 s - 2 scrolls of magic mapping {unknown}
 u - a scroll of immolation {unknown}
 x - a scroll of fear {unknown}
 y - a scroll of enchant armour {unknown}
 z - a scroll of identify
 A - a scroll of summoning {unknown}
Potions
 c - a potion of might
 d - 6 potions of curing
 f - 3 potions of heal wounds
 i - 2 potions of flight {unknown}
 n - a potion of cancellation {unknown}
 p - 4 potions of attraction
 v - a potion of berserk rage {unknown}
 D - a potion of magic {unknown}


   Skills:
 - Level 8.0 Fighting
 - Level 2.0 Axes
 + Level 5.5 Dodging
 - Level 3.0 Stealth
 * Level 5.9 Shields


You had 7 spell levels left.
You didn't know any spells.
Your spell library contained the following spells:

 Spells                   Type           Power      Damage    Failure   Level
 Ozocubu's Armour         Ice            0%         N/A       82%         3
 Ozocubu's Refrigeration  Ice            0%         4d5       100%        7


Dungeon Overview and Level Annotations

Branches:
Dungeon (6/15)             Temple (0/1) D:5         Ossuary (visited)

Altars:
Nemelex Xobeh
Ru
Sif Muna
Yredelemnul
The Shining One


Innate Abilities, Weirdness & Mutations

You cannot wear most types of armour.
You are amphibious.
You can wear up to eight rings at the same time.
Your skin changes colour to match your surroundings (Stealth+).
Your rubbery body absorbs attacks. (AC +1, EV +1)
((You are camouflaged when in or above water. (Stealth+)))
You have tentacles for arms and can constrict up to eight enemies at once.


Message History

You puncture the centaur!
You kill the centaur!
The centaur barely misses you. You block the centaur's attack.
The gnoll barely misses you.
You hit the centaur.
The centaur is lightly wounded.
A nearby plant withers and dies.
The centaur hits you. The centaur barely misses you.
You closely miss the centaur. Your squeeze misses the centaur.
The centaur is lightly wounded.
A nearby plant withers and dies.
The centaur hits you. The centaur misses you. The gnoll closely misses you.
A centaur skeleton comes into view.
You barely miss the centaur.
The centaur is lightly wounded.
The centaur misses you. The centaur completely misses you.
The gnoll hits you with a +0 spear.
You hit the centaur.
The centaur is moderately wounded.
You block the centaur's attack. The centaur kicks you.
The gnoll barely misses you.
You hit the centaur.
The centaur is heavily wounded.
The centaur hits you.
The centaur kicks you but does no damage.
The gnoll hits you with a +0 flail. You block the centaur's attack.
The centaur kicks you but does no damage.
You hit the centaur.
The centaur is heavily wounded.
The gnoll closely misses you. The gnoll hits you with a +0 flail!
* * * LOW HITPOINT WARNING * * *
You block the centaur's attack. The centaur barely misses you.
You hit the centaur.
The centaur is severely wounded.
The gnoll hits you with a +0 spear.
* * * LOW HITPOINT WARNING * * *
The gnoll hits you with a +0 flail!
* * * LOW HITPOINT WARNING * * *
The centaur hits you.
You die...

.# .... #. .... #.##...
#..... #....# ####[.Z.#
##....ggc# #......@.♣ ≈
#........♣g≈≈
#...†....≈≈≈≈≈P...♣...
#........≈≈≈≈≈...≈≈♣.
#...>...♣≈≈≈≈≈...≈≈≈♣
#.######..#≈≈≈≈≈≈≈....≈≈♣
#........#.♣≈≈≈P≈≈....P≈♣
#.#####.###♣♣P≈P≈≈...≈≈♣♣
#.## ♣≈≈≈≈≈P...≈≈≈♣


You could see a centaur, 2 gnolls and a centaur skeleton.

Vanquished Creatures
  A water moccasin (D:6)
  A sky beast (D:6)
  2 black bears (D:5)
  A centaur (D:6)
  A phantom (D:5)
  2 elf zombies (Ossuary)
  2 electric eels (D:6)
  2 howler monkeys (D:4)
  2 bullfrog zombies (D:5)
  2 human zombies (Ossuary)
  A hound (D:5)
  A scorpion zombie (D:5)
  3 orc wizards
  An iguana (D:5)
  2 mummies (Ossuary)
  6 adders
  4 gnolls (D:5)
  A white imp (D:5)
  2 adder zombies (Ossuary)
  An adder skeleton (D:4)
  3 worms
  A dart slug (D:1)
  15 orcs
  8 endoplasms
  5 giant cockroaches
  11 goblins
  8 hobgoblins
  8 jackals
  3 quokkas
  8 ball pythons
  7 bats
  2 frilled lizards
  2 goblin zombies (Ossuary)
  9 hobgoblin zombies (Ossuary)
  2 jackal zombies (Ossuary)
  14 kobolds
  7 kobold zombies (Ossuary)
  11 orc zombies (Ossuary)
  5 rats
167 creatures vanquished.

Vanquished Creatures (others)
  8 plants
8 creatures vanquished.

Grand Total: 175 creatures vanquished

Notes
Turn   | Place    | Note
-------+----------+-------------------------------------------
     0 | D:1      | Kranky the Octopode Fighter began the quest for the Orb.
     0 | D:1      | Reached XP level 1. HP: 16/16 MP: 1/1
    94 | D:1      | Reached skill level 1 in Stealth
   175 | D:1      | Reached XP level 2. HP: 21/21 MP: 2/2
   761 | D:1      | Reached XP level 3. HP: 27/27 MP: 3/3
   930 | D:1      | Found a faded altar of an unknown god.
  1944 | D:1      | Found a faded altar of an unknown god.
  2104 | D:2      | Reached skill level 4 in Fighting
  2266 | D:2      | Found a glowing golden altar of the Shining One.
  2270 | D:2      | Reached XP level 4. HP: 27/33 MP: 4/4
  3612 | D:3      | Reached XP level 5. HP: 28/38 MP: 5/5
  3810 | D:3      | Identified the +4 spear of Overwhelming Force {speed,
                  | +Blink rPois}
  4095 | D:3      | Found a sparkling altar of Nemelex Xobeh.
  4546 | D:4      | Found a sand-covered staircase.
  4553 | D:4      | Reached skill level 5 in Fighting
  4570 | Ossuary  | Entered an ossuary
  4776 | Ossuary  | Reached XP level 6. HP: 45/45 MP: 6/6
  4956 | Ossuary  | Reached skill level 6 in Fighting
  5229 | D:4      | Reached XP level 7. HP: 52/52 MP: 7/7
  5232 | D:4      | Found a basalt altar of Yredelemnul.
  5870 | D:4      | Found a shimmering blue altar of Sif Muna.
  5918 | D:5      | Entered Level 5 of the Dungeon
  5936 | D:5      | Found a staircase to the Ecumenical Temple.
  6383 | D:5      | Reached skill level 7 in Fighting
  6383 | D:5      | Reached skill level 5 in Shields
  6387 | D:5      | Reached XP level 8. HP: 31/60 MP: 8/8
  7421 | D:6      | Found a sacrificial altar of Ru.
  7500 | D:6      | Reached skill level 8 in Fighting
  7500 | D:6      | Reached skill level 5 in Dodging
  7562 | D:6      | HP: 2/61 [gnoll/+0 flail (7)]
  7562 | D:6      | Slain by a centaur

Illustrated notes

Levels and vault maps discovered:
D:1:      minmay_arrival_pointy, layout_basic, chequers_ecumenical_altar_lobes,
          serial_forest, infiniplex_forest_straight_4,
          infiniplex_forest_straight_3, infiniplex_forest_lined_2,
          infiniplex_forest_3_way, infiniplex_forest_pool,
          infiniplex_forest_side_room, infiniplex_forest_clump_diagonal,
          st_stairs_5, bh_walls_and_bars
D:2:      layout_loops_corners, basic_altar, minmay_tromino_v2
D:3:      layout_loops_ring, nemelex_xobeh_ov_fountains_minmay
D:4:      layout_loops_cross, mainiacjoe_overflow_alcove_4,
          kennysheep_orc_sif_temple, enter_ossuary_1, abandoned_shop
D:5:      layout_loops_ring, temple_pool_b
D:6:      layout_loops_ring, nicolae_ru_awakened_eye, serial_bayou,
          serial_bayou_pond_e, serial_bayou_ford_a, serial_bayou_lake_a,
          serial_bayou_shore_b, serial_bayou_lagoon_b, minmay_puff

Skill      XL: |  1  2  3  4  5  6  7  8 |
---------------+-------------------------+-----
Stealth        | 1 2 3 |  3.0
Fighting       | 4 5 6 7 8 |  8.0
Shields        | 4 5 |  5.9
Dodging        | 4 5 |  5.5
Axes           | |  2.0

Action                   |  1- 3 |  4- 6 |  7- 9 || total
-------------------------+-------+-------+-------++-------
Melee: War axe           |    70 |    63 |       ||   133
       Constrict         |    18 |    48 |    17 ||    83
       Tentacles         |     6 |    43 |    20 ||    69
       Punch             |     1 |     4 |       ||     5
       Spear             |       |   134 |   141 ||   275
  Use: Scroll            |       |     3 |       ||     3
 Stab: Sleeping          |    11 |    16 |     6 ||    33
       Distracted        |     1 |     2 |       ||     3
Armor: Skin              |     7 |     3 |     4 ||    14
Dodge: Dodged            |    45 |    52 |    43 ||   140
Block: Buckler           |    20 |     8 |    18 ||    46
